 Dungeon Crawl Stone Soup version 0.31.0-12-g77e489cdc1 (webtiles) character file.

Game seed: 6243220088275811002

23 spaghetti the Shooter (level 2, -1/22 HPs)
             Began as a Mummy Hunter on Feb 18, 2024.
             Slain by a bombardier beetle (2 damage)
             ... on level 3 of the Dungeon.
             The game lasted 00:00:31 (341 turns).

spaghetti the Shooter (Mummy Hunter)                 Turns: 341, Time: 00:00:32

Health: -1/22      AC:  4    Str: 14    XL:     2   Next: 75%
Magic:  2/2        EV: 11    Int:  8    God:
Gold:   27         SH:  0    Dex: 15    Spells: 1/1 levels left

rFire   x . .        a - +0 shortbow
rCold   + . .        (shield currently unavailable)
rNeg    + + +        c - +0 leather armour
rPois   ∞            (no helmet)
rElec   .            h - +0 cloak
rCorr   .            (no gloves)
SInv    .            (no boots)
Will    .....        (no amulet)
Stlth   +            g - ring of flight
HPRegen 0.23/turn    (no ring)
MPRegen 0.08/turn

%: faith
@: on fire, flying, glowing
A: cold resistance 1, negative energy resistance 3, torment resistance 2, heat
vulnerability 1, in touch with death 1, no potions, faith
a: no special abilities


You were on level 3 of the Dungeon.
You visited 1 branch of the dungeon, and saw 3 of its levels.

You collected 27 gold pieces.

Inventory:

Hand Weapons
 a - a +0 shortbow (weapon)
Armour
 c - a +0 leather armour (worn)
 h - a +0 cloak (worn)
Jewellery
 g - a ring of flight (left hand)
Scrolls
 b - a scroll of butterflies
 d - a scroll of torment
 e - a scroll of identify {unknown}
 f - a scroll of immolation {unknown}
 i - 2 scrolls of teleportation


   Skills:
 - Level 2.0 Fighting
 + Level 4.0 Ranged Weapons
 - Level 1.5 Dodging
 - Level 0.7 Stealth


You had one spell level left.
You didn't know any spells.
Your spell library contained the following spells:

 Spells                   Type           Power      Damage    Failure   Level
 Anguish                  Hex/Necr       0%         N/A       99%         4
 Cause Fear               Hex            0%         N/A       99%         4
 Enfeeble                 Hex            0%         N/A       100%        7


Dungeon Overview and Level Annotations

Branches:
Dungeon (3/15)

Altars:


Innate Abilities, Weirdness & Mutations

You are immune to poison.
Your flesh is cold resistant. (rC+)
You are immune to negative energy. (rN+++)
You are immune to unholy pain and torment.
You are vulnerable to heat. (rF-)
You are in touch with the powers of death.
You do not drink.
You have a special connection with the divine. (Faith)


Message History

You shoot an arrow.
The arrow barely misses the bombardier beetle.
The liquid fire burns you!
You are too injured to fight recklessly!
You are too injured to fight recklessly!
You are too injured to fight recklessly!
You are too injured to fight recklessly!
You are too injured to fight recklessly!
You are too injured to fight recklessly!
You are too injured to fight recklessly!
You are too injured to fight recklessly!
You are too injured to fight recklessly!
You are too injured to fight recklessly!
You are too injured to fight recklessly!
You are too injured to fight recklessly!
You are too injured to fight recklessly!
You are too injured to fight recklessly!
You are too injured to fight recklessly!
You are too injured to fight recklessly!
You are too injured to fight recklessly!
You are too injured to fight recklessly!
You are too injured to fight recklessly!
You are too injured to fight recklessly!
You are too injured to fight recklessly!
You are too injured to fight recklessly!
You are too injured to fight recklessly!
Unknown command.
Unknown command.
You shoot an arrow. The arrow hits the bombardier beetle.
The bombardier beetle is heavily wounded.
The liquid fire burns you! The bombardier beetle bites you.
* * * LOW HITPOINT WARNING * * *
You shoot an arrow.
The arrow hits the bombardier beetle but does no damage.
The bombardier beetle is heavily wounded.
The liquid fire burns you!
* * * LOW HITPOINT WARNING * * *
The bombardier beetle bites you.
You die...

#........
#........
#........
+...(....
#........
#........
#B.......
#@.......
#........
#........
#########


You could see a bombardier beetle.

Vanquished Creatures
  An adder (D:3)
  An orc (D:3)
  2 bats (D:3)
  3 endoplasms
  A giant cockroach (D:3)
  A goblin (D:1)
  A quokka (D:1)
  A ball python (D:3)
  A rat (D:1)
12 creatures vanquished.

Notes
Turn   | Place    | Note
-------+----------+-------------------------------------------
     0 | D:1      | spaghetti the Mummy Hunter began the quest for the Orb.
     0 | D:1      | Reached XP level 1. HP: 16/16 MP: 1/1
   115 | D:1      | You fall into a shaft and drop 1 floor!
   173 | D:3      | Reached XP level 2. HP: 22/22 MP: 2/2
   332 | D:3      | Noticed a bombardier beetle
   338 | D:3      | Reached skill level 4 in Ranged Weapons
   341 | D:3      | HP: 1/22 [burnt (4)]
   341 | D:3      | Slain by a bombardier beetle

Illustrated notes

Levels and vault maps discovered:
D:1:      nicolae_arrival_memento_mori, layout_loops_cross,
          minmay_misc_feat_roman
D:2:      layout_rooms, dk_noncrumbling_2, uniq_jessica, uniq_sigmund,
          uniq_robin
D:3:      layout_basic, minivault_5, uniq_natasha

Skill      XL: |  1  2 |
---------------+-------+-----
Ranged Weapons | 4 |  4.0
Fighting       | |  2.0
Dodging        | |  1.5
Stealth        | |  0.7

Action                     || total
---------------------------++-------
   Fire: Shortbow          ||    37
    Use: Scroll            ||     2
 Armour: Leather armour    ||     7
  Dodge: Dodged            ||     4
